 Dungeon Sprint DCSS version 0.25-a0-886-gd7461d2276 (webtiles) character file.

Game seed: 12880647271472128864, levelgen mode: deterministic

6 Conn the Magician (level 1, 0/11 HPs)
             Began as an Octopode Wizard on May 2, 2020.
             Succumbed to a worker ant's poison
             ... in the Dungeon (Sprint IX: "|||||||||||||||||||||||||||||").
             The game lasted 00:02:27 (117 turns).

Conn the Magician (Octopode Wizard)                  Turns: 117, Time: 00:02:28

Health: 0/11       AC:  1    Str:  6    XL:     1   Next: 90%
Magic:  0/5        EV: 13    Int: 20    God:
Gold:   0          SH:  0    Dex: 10    Spells: 7/8 levels left

rFire    . . .     SeeInvis .   h - +0 dagger
rCold    . . .     Gourm    .   (no shield)
rNeg     . . .     Faith    .   a - +0 hat
rPois    .         Spirit   .   (no amulet)
rElec    .         Reflect  .   (no ring)
rCorr    .         Harm     .   (no ring)
MR       .....     NoTele   +   (no ring)
Stlth    +++.......             (no ring)
HPRegen  0.03/turn              (no ring)
MPRegen  0.09/turn              (no ring)
                                (no ring)
                                (no ring)

@: lethally poisoned (0 -> -12), very slightly contaminated, hasted, very quick
A: almost no armour, stealthy swim, amphibious, 8 rings, constrict 8, camouflage
1, gelatinous body 1
a: no special abilities


You were in the Dungeon.
You were not hungry.

You visited 1 branch

Inventory:

Hand Weapons
 h - a +0 dagger (weapon)
Armour
 a - a +0 hat (worn)
Potions
 g - 2 potions of magic
Comestibles
 b - 6 chunks of flesh
 c - a ration


   Skills:
 + Level 2.3 Dodging
 + Level 3.0 Stealth
 + Level 4.0 Spellcasting
 * Level 1.8 Conjurations
   Level 1.0 Summonings
   Level 1.0 Translocations


You had 7 spell levels left.
You knew the following spells:

 Your Spells              Type           Power        Failure   Level  Hunger
a - Magic Dart            Conj           ##..         6%          1    None

Your spell library contained the following spells:

 Spells                   Type           Power        Failure   Level  Hunger
 Blink                    Tloc           N/A          13%         2    #......
 Call Imp                 Summ           #.......     13%         2    #......
 Slow                     Hex            #.......     19%         2    #......
 Conjure Flame            Conj/Fire      #.......     26%         3    ###....
 Mephitic Cloud           Conj/Pois/Air  #.......     30%         3    ###....


Dungeon Overview and Level Annotations

Branches:
Dungeon (1/1)

Altars:


Innate Abilities, Weirdness & Mutations

You cannot wear most types of armour.
You are very stealthy in the water. (Stealth+)
You are amphibious.
You can wear up to eight rings at the same time.
You can use your tentacles to constrict eight enemies at once.
Your skin changes colour to match your surroundings (Stealth+).
Your rubbery body absorbs attacks. (AC +1, EV +1)


Message History

* * * LOW HITPOINT WARNING * * *
Casting: Magic Dart (safe; 6% risk of failure)
Confirm with . or Enter, or press ? or * to list all spells.
Aiming: Magic Dart (safe; 6% risk of failure)
Press: ? - help, Shift-Dir - straight line, f/p - worker ant
Aim: a worker ant (severely wounded, constricted by you)
The magic dart hits the worker ant but does no damage.
The worker ant is severely wounded.
You constrict the worker ant, but do no damage.
* * * LOW HITPOINT WARNING * * *
You feel sick. The worker ant barely misses you.
Okay, then.
Blink to where?
Press: ? - help, Dir - move target cursor, p - worker ant You lose your grip on the worker ant.
You are very lightly contaminated with residual magic.
As you read the scroll of blinking, it crumbles to dust.
You aren't carrying any scrolls.
Unknown command.
You die... ▓▓▓▓▓▓▓▓▓▓▓▓▓▓▓▓▓▓ ▓<..§aoSg.n'@....+ ▓▓▓▓▓▓▓▓▓▓▓▓▓▓▓▓▓▓

You could see a necrophage, a gnoll shaman, a worker ant, an adder and an orc.

Vanquished Creatures
  A bat (D)
  3 hobgoblins (D)
  A kobold (D)
5 creatures vanquished.

Vanquished Creatures (others)
  A spatial maelstrom (D)
1 creature vanquished.

Grand Total: 6 creatures vanquished

Notes
Turn   | Place    | Note
-------+----------+-------------------------------------------
     0 | D        | Conn the Octopode Wizard began the quest for the Orb.
     0 | D        | Reached XP level 1. HP: 11/11 MP: 4/4
     7 | D        | Banished a spatial maelstrom
    14 | D        | Reached skill level 4 in Spellcasting
    97 | D        | Noticed a worker ant
    97 | D        | Noticed a gnoll shaman
    97 | D        | Noticed a necrophage
   117 | D        | Succumbed to a worker ant's poison

Levels and vault maps discovered:
D:        linesprint [early_d, line_temple, items_1, d_10, items_2, lair_1,
          lair_end, items_3, orc_1, orc_end, items_4, d_15, swamp_1, shoals_1,
          snake_1, spider_1, d_20, vaults_1, items_5, swamp_end, shoals_end,
          snake_end, spider_end, vaults_end, d_27, items_6, zot_1, zot_end,
          crypt_end, forest_end, elf_end, slime_end, tomb_end, abyss_end,
          pan_hell_end]

Skill      XL: |  1 |
---------------+----+-----
Stealth        | 3 |  3.0
Spellcasting   | 4 |  4.0
Dodging        | |  2.3
Conjurations   | |  1.8
Summonings     | |  1.0
Translocations | |  1.0

Action                   || total
-------------------------++-------
Melee: Unarmed           ||     8
       Dagger            ||     4
       Constrict         ||     2
       Tentacles         ||     2
 Cast: Magic Dart        ||     5
  Use: Potion            ||     4
       Scroll            ||     1
Armor: Skin              ||     2
Dodge: Dodged            ||     8

Table legend:
 A = Non-vault XP
 B = Vault XP
 C = Vault XP percentage of total XP
 D = Non-vault monster count
 E = Vault monster count
 F = Vault count percentage of total count
                 A         B        C        D         E       F
            +---------+---------+-------+---------+---------+-------
      Total |       0 |       9 | 100.0 |       0 |       5 | 100.0
            +---------+---------+-------+---------+---------+-------
          D |       0 |       9 | 100.0 |       0 |       5 | 100.0
            +---------+---------+-------+---------+---------+-------
